 Dungeon Crawl Stone Soup version 0.29.1-1-gd02db6906a (webtiles) character file.

Game seed: 18168204560380369849

69 Gabide the Trooper (level 4, -1/49 HPs)
             Began as an Ogre Monk on Sept 17, 2022.
             Slain by an orc wizard
             ... wielding a +0 dagger
              (2 damage)
             ... on level 2 of the Dungeon.
             The game lasted 00:03:58 (1474 turns).

Gabide the Trooper (Ogre Monk)                      Turns: 1474, Time: 00:03:58

Health: -1/49      AC:  2    Str: 15    XL:     4   Next: 20%
Magic:  4/4        EV: 10    Int: 13    God:
Gold:   95         SH:  0    Dex: 11    Spells: 3/3 levels left

rFire   . . .      SeeInvis .   a - +0 spear
rCold   . . .      Faith    .   (no shield)
rNeg    . . .      Spirit   .   b - +0 robe
rPois   .          Reflect  .   (helmet restricted)
rElec   .          Harm     .   (no cloak)
rCorr   .          Rampage  .   (gloves unavailable)
Will    .....                   (boots unavailable)
Stlth   ++........              (no amulet)
HPRegen 0.16/turn               (no ring)
MPRegen 0.09/turn               (no ring)

@: flying
A: large, unfitting armour, tough skin 1, hooves 1, deformed body, no potion
heal 1
a: no special abilities


You were on level 2 of the Dungeon.
You visited 1 branch of the dungeon, and saw 2 of its levels.

You collected 95 gold pieces.

Inventory:

Hand Weapons
 a - a +0 spear (weapon)
Missiles
 f - 21 stones (quivered)
Armour
 b - a +0 robe (worn)
Jewellery
 e - a +6 ring of dexterity
Scrolls
 j - a scroll of blinking


   Skills:
 + Level 4.8 Fighting
 + Level 3.5 Polearms
 + Level 3.2 Dodging
 - Level 2.0 Stealth


You had 3 spell levels left.
You didn't know any spells.
Your spell library was empty.

Dungeon Overview and Level Annotations

Branches:
Dungeon (2/15)

Altars:


Innate Abilities, Weirdness & Mutations

You are too large for most types of armour.
You have tough skin. (AC +1)
You have large cloven feet.
Armour fits poorly on your strangely shaped body.
Potions are less effective at restoring your health.


Message History

It was a potion of heal wounds.
Your system partially rejects the healing.
You feel much better.
The orc wizard hits you with a +0 dagger of speed.
The orc wizard gestures wildly while chanting.
The orc wizard flickers and vanishes!
You miss something. Your kick misses something.
You hear some strange, mumbled words.
You hit something. You barely miss the orc. You hit the orc.
The orc is lightly wounded.
The orc hits you with a +0 falchion.
* * * LOW HITPOINT WARNING * * *
You hit the orc. You kick the orc.
The orc is almost dead.
The orc hits you but does no damage.
You closely miss the orc. You kick the orc, but do no damage.
The orc is almost dead.
The orc barely misses you.
You hit the orc.
You kill the orc!
You hit something but do no damage. Something hits you but does no damage.
It was a potion of magic.
Magic courses through your body. Something hits you.
* * * LOW HITPOINT WARNING * * *
Something hits you.
* * * LOW HITPOINT WARNING * * *
Something hits you.
* * * LOW HITPOINT WARNING * * *
You miss something.
You hear a shout!
Your kick misses something.
You hear some strange, mumbled words.
A magic dart appears from out of thin air!
The magic dart hits you.
* * * LOW HITPOINT WARNING * * *
Something hits you but does no damage.
You hit something. Your kick misses something.
Something hits you but does no damage. Something hits you.
You die...

### #### ### #..
..###.##
#.#####.##.#.##
#.#...#.#.###.##
#.#.....)## ##.#
#.#...#.#)###@#######
#.##.##.##.#{.......#
#.<.#..o###.#######.#
##.###.#######
##[#........#
##.#..####.
#..........
#.#..#.##..
..#.......


There were no monsters in sight!

Vanquished Creatures
  An orc wizard (D:1)
  A gnoll (D:1)
  2 orcs (D:2)
  8 ball pythons (D:1)
  4 endoplasms (D:1)
  A giant cockroach (D:1)
  2 quokkas (D:1)
  2 bats
  A frilled lizard (D:1)
  4 goblins (D:1)
  2 kobolds
  5 rats (D:1)
33 creatures vanquished.

Notes
Turn   | Place    | Note
-------+----------+-------------------------------------------
     0 | D:1      | Gabide the Ogre Monk began the quest for the Orb.
     0 | D:1      | Reached XP level 1. HP: 24/24 MP: 1/1
   190 | D:1      | Reached XP level 2. HP: 29/32 MP: 2/2
   590 | D:1      | Reached XP level 3. HP: 24/40 MP: 3/3
  1243 | D:1      | Reached XP level 4. HP: 22/49 MP: 4/4
  1457 | D:2      | Gained mutation: You have large cloven feet. [potion of
                  | mutation]
  1457 | D:2      | Gained mutation: Potions are less effective at restoring
                  | your health. [potion of mutation]
  1457 | D:2      | Gained mutation: Armour fits poorly on your strangely
                  | shaped body. [potion of mutation]
  1473 | D:2      | HP: 1/49 [something/magic dart (5)]
  1474 | D:2      | Slain by an orc wizard

Illustrated notes

Levels and vault maps discovered:
D:1:      roderic_dead_forest, layout_basic, dreamdust_princess_corridor,
          dreamdust_princess_bridge, wander_ebering_terrifying_dragon_lair
D:2:      layout_loops_cross, hellmonk_ecumenical_altar_prayer_group,
          uniq_jessica, uniq_sigmund

Skill      XL: |  1  2  3 |
---------------+----------+-----
Dodging        | 3 |  3.2
Stealth        | 2 |  2.0
Fighting       | |  4.8
Polearms       | |  3.5

Action                   |  1- 3 |  4- 6 || total
-------------------------+-------+-------++-------
Melee: Spear             |   129 |    24 ||   153
       Punch             |     2 |       ||     2
       Kick              |       |     2 ||     2
Throw: Stone             |     3 |     6 ||     9
  Use: Potion            |     1 |     4 ||     5
       Scroll            |       |     1 ||     1
 Stab: Sleeping          |     5 |       ||     5
Armor: Robe              |    26 |     6 ||    32
Dodge: Dodged            |    49 |    10 ||    59
